 Dungeon Crawl Stone Soup version 0.17.1-3-g152610e (webtiles) character file.

66413 inmateoo the Severer (level 14, -2/108 HPs)
             Began as a Minotaur Arcane Marksman on Mar 9, 2016.
             Was the Champion of Okawaru.
             Slain by Rupert
             ... wielding a +2 great mace of pain
              (6 damage)
             ... on level 8 of the Lair of Beasts.
             The game lasted 00:38:56 (23829 turns).

inmateoo the Severer (Minotaur Arcane Marksman)    Turns: 23829, Time: 00:38:57

Health: -2/108     AC: 26    Str: 20    XL:     14   Next: 79%
Magic:  0/27       EV: 14    Int:  5    God:    Okawaru [******]
Gold:   1360       SH:  2    Dex: 13    Spells: 4 memorised, 6 levels left

rFire  + + +     SeeInvis .     d - +9 executioner's axe (venom)
rCold  + + .     Clarity  +     r - +4 fire dragon armour
rNeg   . . .     SustAt   +     (shield currently unavailable)
rPois  .         Gourm    .     (helmet unavailable)
rElec  +         Spirit   +     A - +0 cloak {MR+}
rCorr  .         Warding  .     a - +2 pair of gloves {rC+}
rMut   .         Stasis   .     Z - +2 pair of boots "Tien" {rC+ MR++}
MR     ++++.                    g - amulet of guardian spirit
Stlth  ..........               W - ring of Jyqotit {rF++ rC+ MP+9}
                                c - ring "Enlir" {SustAt rElec Int-3 Slay+2}

@: incredibly resistant to hostile enchantments, extremely unstealthy
A: retaliatory headbutt, hooves 2, horns 3, large bone plates 1, agile 1, blink,
clarity, dopey 1, frail 2, wild magic 1
a: Blink, Heroism, Finesse, Renounce Religion


You were on level 8 of the Lair of Beasts.
You worshipped Okawaru.
Okawaru was exalted by your worship.
You were hungry.

You visited 3 branches of the dungeon, and saw 24 of its levels.
You also visited: Labyrinth, Ossuary, Bailey and Ice Cave.

You collected 1602 gold pieces.
You spent 242 gold pieces at shops.

Inventory:

Hand Weapons
 d - a +9 executioner's axe of venom (weapon)
 m - a +1 battleaxe of venom
Armour
 a - a +2 pair of gloves of cold resistance (worn)
 r - a +4 fire dragon armour (worn)
 A - a +0 cloak of magic resistance (worn)
 Z - the +2 pair of boots "Tien" (worn) {rC+ MR++}
   (You acquired it in a labyrinth)

   It protects you from cold.
   It affects your resistance to hostile enchantments.
Jewellery
 c - the ring "Enlir" (left hand) {SustAt rElec Int-3 Slay+2}
   (You found it in a labyrinth)

   [ring of sustain attributes]

   It sustains your strength, intelligence and dexterity.
   It affects your intelligence (-3).
   It affects your accuracy and damage with ranged weapons and melee attacks
   (+2).
   It insulates you from electricity.
 f - an uncursed ring of flight
 g - an amulet of guardian spirit (around neck)
 k - an uncursed ring of positive energy
 s - an uncursed ring of protection from cold
 y - an uncursed ring of see invisible
 H - a +5 ring of evasion
 W - the ring of Jyqotit (right hand) {rF++ rC+ MP+9}
   (You took it off a minotaur in a labyrinth)

   [ring of protection from cold]

   It greatly protects you from fire.
   It protects you from cold.
   It affects your magic capacity (+9).
Wands
 b - a wand of lightning (0)
 E - a wand of draining (11)
 L - a wand of cold (6)
 U - a wand of fireball (9)
Scrolls
 i - 3 scrolls of blinking
 j - 2 scrolls of enchant armour
 o - 12 scrolls of teleportation
 p - 2 scrolls of recharging
 q - a scroll of enchant weapon
 u - 13 scrolls of remove curse
 w - a scroll of identify
 x - 2 scrolls of fog
 B - 3 scrolls of amnesia
 D - 3 scrolls of fear
 T - 2 scrolls of magic mapping
Potions
 h - a potion of resistance
 l - 2 potions of cancellation
 t - 2 potions of haste
 v - 11 potions of curing
 z - 2 potions of flight
 I - 5 potions of heal wounds
 J - a potion of magic
 K - a potion of beneficial mutation
 N - 2 potions of invisibility
 O - 3 potions of berserk rage
 Q - 2 potions of might
Miscellaneous
 P - a phial of floods
Comestibles
 e - 14 bread rations
 n - 11 meat rations
 C - 2 chunks of flesh
 R - 7 beef jerkies
 S - 20 fruits


   Skills:
 + Level 15.3 Fighting
 * Level 19.8 Axes
 - Level 2.0 Throwing
 + Level 10.7 Armour
 + Level 8.9 Dodging
 - Level 1.0 Spellcasting
   Level 2.0 Hexes
 + Level 7.6 Invocations


You had 6 spell levels left.
You knew the following spells:

 Your Spells              Type           Power        Failure   Level  Hunger
a - Apportation           Tloc           #.........   99%         1    ##.....
b - Blink                 Tloc           N/A          100%        2    ###....
c - Shroud of Golubria    Chrm/Tloc      #.........   100%        2    ###....
d - Passage of Golubria   Tloc           N/A          100%        4    #####..


Dungeon Overview and Level Annotations

Branches:
Dungeon (15/15)            Temple (1/1) D:5            Lair (8/8) D:8
 Shoals (0/4) Lair:4       Spider (0/4) Lair:3          Orc (0/4) D:10
 Vaults (0/5) D:14
  Slime: Lair:6-8    Depths: D:15

Altars:
Ashenzari
Cheibriados
Dithmenos
Elyvilon
Fedhas
Gozag
Kikubaaqudgha
Makhleb
Nemelex Xobeh
Okawaru
Qazlal
Ru
Sif Muna
Trog
Vehumet
Xom
Yredelemnul
Zin
The Shining One

Shops:
D:6 [   D:7 *[   D:10 (

Annotations:
D:4 engine7v's ghost, amateur HOBe
Lair:8 Rupert


Innate Abilities, Weirdness & Mutations

You reflexively headbutt those who attack you in melee.
You have a pair of large horns on your head.
You have hoof-like feet.
You are partially covered in large bone plates (AC +2, SH +2).
You are agile. (Dex +2)
You can translocate small distances at will.
You possess an exceptional clarity of mind.
You are dopey. (Int -2)
You are very frail (-20% HP).
Your spells are a little harder to cast, but a little more powerful.


Message History

Unknown command.
You are too injured to fight recklessly!
Unknown command.
You are too injured to fight recklessly!
Unknown command.
You slash Rupert!
Rupert is severely wounded.
You slice the basilisk!!
You kill the basilisk!
Okawaru accepts your kill.
Rupert hits you with a great mace of pain!!
* * * LOW HITPOINT WARNING * * *
You writhe in agony.
* * * LOW HITPOINT WARNING * * *
You completely miss Rupert. You headbutt Rupert!
Rupert is severely wounded.
Rupert hits you with a great mace of pain!
* * * LOW HITPOINT WARNING * * *
You writhe in agony.
You die...

♣♣♣♣....#.......#...##
♣♣.♣#.......†.........#
♣..##.............#.#..
..#......(.............
...................?.P.
.................P##?#P
..P.............†.## #
......#..###....†.P#
P.........#..<..@..#
...P......#.....†@......
................P.......
...# ................ .
................. .
...............#.
.......%........
..b....P.......


You could see Rupert (berserk).

Vanquished Creatures
  Gastronok (Lair:3)
  A minotaur (Lab)
  An ettin (D:11)
  Erolcha (D:9)
  Harold (Lair:4)
  6 hydras
  An ice dragon (shapeshifter) (D:14)
  2 centaur warriors (D:14)
  A death yak (Lair:6)
  2 alligators (D:12)
  Sonja (Lair:3)
  Nergalle (D:12)
  A fire crab (Lair:7)
  A deep elf knight (Bailey)
  An ice devil (IceCv)
  3 unseen horrors
  A shadow wraith (D:14)
  5 hill giants
  A lindwurm (D:14)
  An ugly thing (D:13)
  A wolf spider zombie (D:14)
  2 cyclopes
  13 elephants
  2 ice statues (IceCv)
  5 black mambas
  8 spiny frogs
  6 komodo dragons
  A deep elf priest (Bailey)
  The ghost of kaze the Ducker, an amateur TrBe of Trog (Ossuary)
  3 trolls
  8 blue devils (IceCv)
  A polar bear (Lair:4)
  Prince Ribbit (D:6)
  2 two-headed ogres
  A snapping turtle (Lair:4)
  4 slime creatures (D:12)
  8 blink frogs
  A wraith (D:14)
  A vampire (D:14)
  Sigmund (D:6)
  2 shadows
  4 wyverns
  7 deep elf magi
  A trapdoor spider (D:14)
  3 deep elf fighters (Bailey)
  A hungry ghost (D:8)
  5 basilisks
  36 yaks
  4 hippogriffs
  A soldier ant (D:11)
  9 wolves
  Edmund (D:4)
  11 water moccasins
  2 hell hounds (D:12)
  Duvessa (D:5)
  14 ice beasts
  7 orc warriors
  2 eyes of draining
  12 porcupines
  5 sky beasts
  8 spiders (Lair:3)
  A black bear (Lair:2)
  4 phantoms
  A necrophage (D:10)
  A wasp (D:11)
  8 ogres
  10 centaurs
  13 crocodiles
  3 big kobolds
  An elf zombie (Ossuary)
  17 giant frogs
  Dowan (D:5)
  A wyvern zombie (D:10)
  2 wyvern skeletons
  5 scorpions
  13 killer bees
  5 electric eels
  14 wights
  2 giant frog zombies
  9 crimson imps
  6 centaur zombies
  9 jellies
  3 centaur skeletons
  Crazy Yiuf (D:6)
  A gnoll shaman (D:8)
  14 hounds
  8 iguanas
  14 orc priests
  18 orc wizards
  11 worker ants
  6 giant frog skeletons
  2 hell rats (D:12)
  21 sheep
  3 big kobold zombies (Ossuary)
  A hound zombie (D:11)
  4 mummies
  13 gnolls
  11 adders
  2 hound simulacra (D:8)
  32 river rats
  3 shadow imps
  10 white imps
  A worker ant simulacrum (D:8)
  7 oozes
  6 ufetubi (IceCv)
  4 adder zombies (Ossuary)
  2 adder skeletons
  8 worms
  2 adder simulacra (D:8)
  8 giant geckos
  50 orcs
  7 giant cockroaches
  A gnoll zombie (Ossuary)
  7 hobgoblins
  14 jackals
  24 kobolds
  4 quokkas
  A ball python (D:3)
  8 bats
  10 giant newts
  14 goblins
  4 goblin zombies (Ossuary)
  5 hobgoblin zombies
  4 jackal zombies (Ossuary)
  7 kobold zombies
  An orc zombie (Ossuary)
  3 quokka zombies (Ossuary)
  15 rats
  A butterfly (Lair:4)
  13 fungi
  5 plants
779 creatures vanquished.

Vanquished Creatures (collateral kills)
  3 orcs (D:10)
3 creatures vanquished.

Vanquished Creatures (others)
  4 river rats (Lair:4)
  2 ufetubi (IceCv)
  4 fungi
10 creatures vanquished.

Grand Total: 792 creatures vanquished

Notes
Turn   | Place    | Note
--------------------------------------------------------------
     0 | D:1      | inmateoo the Minotaur Arcane Marksman began the quest for the Orb.
     0 | D:1      | Reached XP level 1. HP: 16/16 MP: 1/1
    36 | D:1      | Reached skill level 1 in Armour
   189 | D:1      | Reached XP level 2. HP: 22/24 MP: 2/2
  1006 | D:1      | Reached XP level 3. HP: 8/30 MP: 3/3
  1611 | D:2      | Reached skill level 3 in Fighting
  1682 | D:2      | Reached XP level 4. HP: 23/38 MP: 0/4
  2342 | D:2      | Found a faded altar to an unknown god.
  2380 | D:2      | Reached skill level 4 in Fighting
  2730 | D:3      | Reached XP level 5. HP: 36/46 MP: 3/5
  3664 | D:3      | Reached skill level 5 in Fighting
  3904 | D:4      | Noticed a phantom
  3919 | D:4      | Killed a phantom
  3919 | D:4      | Reached XP level 6. HP: 39/57 MP: 3/6
  3968 | D:4      | Noticed engine7v's ghost (amateur HOBe)
  4174 | D:3      | Reached skill level 6 in Fighting
  4185 | D:3      | Reached skill level 5 in Armour
  4406 | D:4      | Reached skill level 1 in Axes
  4458 | D:4      | Noticed a phantom
  4469 | D:4      | Killed a phantom
  4596 | D:3      | Gained mutation: You possess an exceptional clarity of mind. [potion of mutation]
  4596 | D:3      | Gained mutation: You can translocate small distances at will. [potion of mutation]
  4596 | D:3      | Gained mutation: You are agile. (Dex +2) [potion of mutation]
  4732 | D:4      | Reached XP level 7. HP: 63/63 MP: 7/7
  4986 | D:4      | Found a blossoming altar of Fedhas.
  5014 | D:4      | Noticed Edmund
  5082 | D:4      | Killed Edmund
  5305 | D:5      | Entered Level 5 of the Dungeon
  5377 | D:5      | Reached skill level 5 in Axes
  5400 | D:5      | Found a staircase to the Ecumenical Temple.
  5563 | D:5      | Identified Roxanne's Almanac of Stones and Transmigration
  5587 | D:5      | Noticed Duvessa
  5587 | D:5      | Noticed Dowan
  5605 | D:5      | Killed Duvessa
  5605 | D:5      | Reached skill level 7 in Axes
  5605 | D:5      | Reached XP level 8. HP: 34/71 MP: 6/8
  5622 | D:5      | Killed Dowan
  6053 | D:5      | Found a glowing silver altar of Zin.
  6053 | D:5      | Found a shimmering altar of Xom.
  6057 | D:5      | Found a shadowy altar of Dithmenos.
  6062 | D:5      | Found a sacrificial altar of Ru.
  6150 | D:5      | Reached skill level 8 in Axes
  6177 | D:5      | Got a steaming leather armour
  6188 | D:5      | Identified the +1 leather armour of Music {Str-3 Dex+5} (You found it on level 5 of the Dungeon)
  6384 | D:5      | Found a sacrificial altar of Ru.
  6534 | Temple   | Entered the Ecumenical Temple
  6577 | Temple   | Became a worshipper of Warmaster Okawaru
  6978 | D:6      | Reached skill level 9 in Axes
  7208 | D:6      | Found Emug Zecw's Antique Armour Boutique.
  7227 | D:6      | Gained mutation: You are frail (-10% HP). [mutagenic meat]
  7229 | D:6      | Lost mutation: You are agile. (Dex +2) [mutagenic meat]
  7230 | D:6      | Gained mutation: You have large cloven feet. [mutagenic meat]
  7231 | D:6      | Gained mutation: You are agile. (Dex +2) [mutagenic meat]
  7335 | D:6      | Bought a glowing cloak for 121 gold pieces
  7335 | D:6      | Bought a pair of runed gloves for 121 gold pieces
  7442 | D:6      | Noticed Prince Ribbit
  7452 | D:6      | Killed Prince Ribbit
  7536 | D:6      | Noticed Sigmund
  7544 | D:6      | Killed Sigmund
  7544 | D:6      | Reached * piety under Okawaru
  7544 | D:6      | Reached skill level 10 in Axes
  7544 | D:6      | Reached XP level 9. HP: 71/73 MP: 9/9
  7601 | D:6      | Noticed Crazy Yiuf
  7604 | D:6      | Killed Crazy Yiuf
  7759 | D:7      | Found Axatiu Laym's Elemental Accessories.
  7759 | D:7      | Found an opulent altar of Gozag.
  7790 | D:7      | Found a sand-covered staircase.
  7795 | Ossuary  | Entered an ossuary
  7795 | Ossuary  | Noticed kaze's ghost (amateur TrBe)
  7809 | Ossuary  | Killed kaze's ghost
  8117 | Ossuary  | Reached skill level 11 in Axes
  8204 | Ossuary  | Reached ** piety under Okawaru
  8513 | D:7      | Found Voloibb's Armour Boutique.
  8684 | D:7      | Reached skill level 12 in Axes
  8885 | D:7      | You fall through a shaft for 3 floors!
  8885 | D:10     | Entered Level 10 of the Dungeon
  8885 | D:10     | Found Teqomn's Weapon Shop.
  8888 | D:10     | Reached skill level 10 in Fighting
  8966 | D:11     | Reached *** piety under Okawaru
  9000 | D:11     | Reached XP level 10. HP: 70/83 MP: 10/10
  9070 | D:11     | Noticed a hill giant
  9610 | D:10     | Reached skill level 13 in Axes
 10301 | D:10     | Found a staircase to the Orcish Mines.
 11483 | D:9      | Found an ancient bone altar of Kikubaaqudgha.
 11635 | D:9      | Noticed Erolcha
 11663 | D:9      | Killed Erolcha
 11663 | D:9      | Reached **** piety under Okawaru
 11663 | D:9      | Reached skill level 14 in Axes
 11846 | D:9      | Found a snail-covered altar of Cheibriados.
 12314 | D:8      | Received a gift from Okawaru
 12387 | D:8      | Reached XP level 11. HP: 93/93 MP: 11/11
 12498 | D:8      | Found a staircase to the Lair.
 13052 | D:7      | Reached skill level 15 in Axes
 13295 | D:11     | Reached ***** piety under Okawaru
 13455 | D:11     | Killed an unseen horror
 13591 | D:11     | Noticed a cyclops
 13601 | D:11     | Killed a cyclops
 13877 | D:11     | Noticed an ettin
 13885 | D:11     | Killed an ettin
 13885 | D:11     | Received a gift from Okawaru
 14101 | D:11     | Killed an unseen horror
 14101 | D:11     | Reached skill level 16 in Axes
 14544 | D:12     | Noticed an alligator
 14557 | D:12     | Killed an alligator
 14557 | D:12     | Reached skill level 1 in Invocations
 14769 | D:12     | Noticed an alligator
 14786 | D:12     | Killed an alligator
 14786 | D:12     | Reached XP level 12. HP: 47/103 MP: 6/12
 15087 | D:12     | Killed a hill giant
 15119 | D:12     | Gained mutation: You are partially covered in large bone plates (AC +2, SH +2). [mutagenic meat]
 15120 | D:12     | Gained mutation: Your muscles are strong. (Str +2) [mutagenic meat]
 15121 | D:12     | Gained mutation: Your spells are a little harder to cast, but a little more powerful. [mutagenic meat]
 15123 | D:12     | Lost mutation: Your muscles are strong. (Str +2) [mutagenic meat]
 15168 | D:12     | Received a gift from Okawaru
 15233 | D:12     | Noticed a hill giant
 15242 | D:12     | Killed a hill giant
 15416 | D:12     | Reached skill level 17 in Axes
 15729 | D:12     | Noticed Nergalle
 15745 | D:12     | Killed Nergalle
 15874 | D:13     | Found a frozen archway.
 15887 | D:13     | Reached skill level 5 in Dodging
 15905 | D:13     | Gained mutation: You have a pair of large horns on your head. [mutagenic meat]
 15906 | D:13     | Gained mutation: You are very frail (-20% HP). [mutagenic meat]
 15908 | D:13     | Gained mutation: You have hoof-like feet. [mutagenic meat]
 15909 | D:13     | Gained mutation: You are dopey. (Int -2) [mutagenic meat]
 15939 | D:13     | Found a labyrinth entrance.
 15948 | Lab      | Entered a labyrinth
 16317 | Lab      | Noticed a minotaur
 16323 | Lab      | Killed a minotaur
 16325 | Lab      | Got a pitted bronze ring
 16335 | Lab      | Identified a scroll of acquirement
 16338 | Lab      | Got a pair of smoking boots
 16349 | Lab      | Identified the +2 pair of boots "Tien" {rC+ MR++} (You acquired it in a labyrinth)
 16359 | Lab      | Got a bound jade ring
 16408 | IceCv    | Entered an ice cave
 16423 | IceCv    | Identified the ring "Enlir" {SustAt rElec Int-3 Slay+2} (You found it in a labyrinth)
 16425 | IceCv    | Identified the ring of Jyqotit {rF++ rC+ MP+9} (You took it off a minotaur in a labyrinth)
 16873 | IceCv    | Reached ****** piety under Okawaru
 17208 | D:13     | You fall through a shaft for 2 floors!
 17208 | D:15     | Entered Level 15 of the Dungeon
 17254 | D:14     | Received a gift from Okawaru
 17256 | D:14     | Reached XP level 13. HP: 91/98 MP: 15/15
 17316 | D:14     | Found a flagged portal.
 17326 | Bailey   | Entered a bailey
 17363 | Bailey   | Reached skill level 18 in Axes
 17401 | Bailey   | Learned a level 1 spell: Apportation
 17404 | Bailey   | Learned a level 2 spell: Blink
 17407 | Bailey   | Learned a level 2 spell: Shroud of Golubria
 17412 | Bailey   | Learned a level 4 spell: Passage of Golubria
 17522 | D:14     | Noticed a centaur warrior
 17529 | D:14     | Killed a centaur warrior
 17538 | D:14     | Noticed a centaur warrior
 17544 | D:14     | Killed a centaur warrior
 17544 | D:14     | Reached skill level 5 in Invocations
 18086 | D:14     | Received a gift from Okawaru
 18098 | D:14     | Found a gate to the Vaults.
 18469 | Lair:1   | Entered Level 1 of the Lair of Beasts
 19382 | Lair:2   | Received a gift from Okawaru
 19937 | Lair:3   | Noticed Sonja
 19941 | Lair:3   | Killed Sonja
 20093 | Lair:3   | Found a hole to the Spider Nest.
 20127 | Lair:3   | Noticed Gastronok
 20137 | Lair:3   | Killed Gastronok
 20137 | Lair:3   | Reached skill level 19 in Axes
 20137 | Lair:3   | Reached XP level 14. HP: 46/106 MP: 14/17
 20694 | Lair:4   | Noticed Harold
 20710 | Lair:4   | Killed Harold
 20717 | Lair:4   | Got a slimy hand axe
 20723 | Lair:4   | Identified the +4 hand axe of the Shore {freeze, Str+3} (You found it on level 4 of the Lair of Beasts)
 21294 | Lair:4   | Found a staircase to the Shoals.
 21709 | Lair:5   | Received a gift from Okawaru
 22020 | Lair:6   | Reached skill level 10 in Armour
 22140 | Lair:6   | Reached skill level 15 in Fighting
 22912 | Lair:7   | Received a gift from Okawaru
 23733 | Lair:8   | Entered Level 8 of the Lair of Beasts
 23816 | Lair:8   | Noticed Rupert
 23829 | Lair:8   | HP: 4/108 [Rupert/great mace of pain (10)]
 23829 | Lair:8   | Slain by Rupert

Action                   |  1- 3 |  4- 6 |  7- 9 | 10-12 | 13-15 || total
-------------------------+-------+-------+-------+-------+-------++-------
Melee: Unarmed           |    75 |   316 |       |       |       ||   391
       Whip              |    55 |       |       |       |       ||    55
       Hand axe          |       |    32 |    23 |       |       ||    55
       Flail             |       |       |   381 |    99 |       ||   480
       War axe           |       |       |       |   258 |       ||   258
       Broad axe         |       |       |       |   407 |       ||   407
       Executioner's axe |       |       |       |     7 |   489 ||   496
Throw: Javelin           |       |     4 |       |       |       ||     4
       Throwing net      |       |       |       |     7 |       ||     7
Evoke: Wand              |       |       |       |     3 |     3 ||     6
  Use: Scroll            |     5 |    11 |     2 |    18 |     7 ||    43
       Potion            |       |     2 |     1 |     5 |       ||     8
 Stab: Held in net/web   |       |       |       |     1 |       ||     1
  Eat: Chunk             |     2 |    11 |    13 |    33 |    19 ||    78
       Beef jerky        |       |       |     1 |     2 |       ||     3
       Bread ration      |       |       |     1 |       |       ||     1
       Meat ration       |       |       |       |     1 |       ||     1
       Pizza             |       |       |       |       |     1 ||     1
